 Dungeon Crawl Stone Soup version 0.32-a0-699-g1ee5eff69a (webtiles) character file.

Game seed: 2897036723064584096

58 jasper the Ducker (level 3, 0/28 HPs)
             Began as a Spriggan Berserker on Mar 13, 2024.
             Was a Believer of Trog.
             Slain by an orc
             ... wielding a +0 flail
              (1 damage)
             ... on level 3 of the Dungeon.
             The game lasted 00:03:01 (1856 turns).

jasper the Ducker (Spriggan Berserker)              Turns: 1856, Time: 00:03:02

Health: 0/28       AC:  2    Str: 13    XL:     3   Next: 76%
Magic:  4/4        EV: 18    Int:  8    God:    Trog [**....]
Gold:   72         SH:  0    Dex: 16    Spells: 2/2 levels left

rFire   . .          .
                       - Unarmed
rCold   . . .        (no shield)
rNeg    . . .        a - +0 animal skin
rPois   .            (helmet restricted)
rElec   .            (no cloak)
rCorr   .            (gloves unavailable)
SInv    +            (boots unavailable)
Will    .....        (no amulet) Stlth
                     (no ring)
HPRegen 0.24/turn    (no ring)
MPRegen 0.09/turn

%: no passive effects
@: berserking, very quick
A: very small, no large weapons, unfitting armour, see invisible, speed 3
a: Renounce Religion, Berserk, Trog's Hand


You were on level 3 of the Dungeon.
You worshipped Trog.
Trog was pleased with you.
You visited 1 branch of the dungeon, and saw 3 of its levels.

You collected 72 gold pieces.

Inventory:

Missiles
 b - 52 stones (quivered)
 c - 2 poisoned darts
Armour
 a - a +0 animal skin (worn)
Wands
 h - a wand of iceblast (9)
Scrolls
 e - a scroll of identify
 i - a scroll of blinking
 j - a scroll of teleportation
Potions
 d - 2 potions of degeneration
 f - 3 potions of curing
 g - a potion of ambrosia
 k - a potion of might


   Skills:
 - Level 2.7 Fighting
 - Level 4.5 Dodging
 + Level 2.2 Stealth
 - Level 3.1 Unarmed Combat


You had 2 spell levels left.
You didn't know any spells.
Your spell library was empty.

Dungeon Overview and Level Annotations

Branches:
Dungeon (3/15)

Altars:


Innate Abilities, Weirdness & Mutations

You are very small and have problems with some larger weapons.
You are too small for most types of armour.
You have supernaturally acute eyesight. (SInv)
You cover ground extremely quickly. (Speed+++)


Message History

There is a stone staircase leading up here.
There are monsters nearby!
A red film seems to cover your vision as you go berserk!
You feel yourself moving faster!
You feel mighty!
The orc shouts!
The orc wizard hits you with a +0 dagger.
The orc completely misses you.
You now have 26/28 hp.
You hit the orc wizard.
The orc wizard is moderately wounded.
You barely miss the orc wizard.
The orc wizard is moderately wounded.
The orc hits you with a +0 flail! The orc wizard barely misses you.
You take 8 damage, and have 18/28 hp.
MASSIVE DAMAGE!!
You closely miss the orc wizard.
The orc wizard is moderately wounded.
You barely miss the orc wizard.
The orc wizard is moderately wounded.
The orc barely misses you.
The orc wizard hits you with a +0 dagger.
You take 1 damage, and have 17/28 hp.
You hit the orc wizard.
The orc wizard is moderately wounded.
The orc hits you but does no damage. The orc misses you.
The orc wizard casts a spell at you. The puff of flame hits you!
* * * LOW HITPOINT WARNING * * *
You take 9 damage, and have 8/28 hp.
MASSIVE DAMAGE!!
You hit the orc wizard.
The orc wizard is heavily wounded.
You barely miss the orc wizard.
The orc wizard is heavily wounded.
The orc closely misses you. The orc wizard misses you.
The orc hits you with a +0 flail!
* * * LOW HITPOINT WARNING * * *
You take 7 damage, and have 1/28 hp.
MASSIVE DAMAGE!!
You hit the orc wizard.
The orc wizard is almost dead.
The orc hits you with a +0 flail.
You die...

#.#
#######.#
#.......#
#........
#.......#
#.......#
#.....o.#
#.....o@#
#.....o##
.......
#######


You could see an orc wizard and 2 orcs.

Vanquished Creatures
  A dart slug (D:1)
  A ribbon worm (D:2)
  5 ball pythons
  2 endoplasms (D:2)
  4 giant cockroaches
  7 goblins
  9 hobgoblins
  3 jackals (D:2)
  A quokka (D:1)
  4 bats
  2 frilled lizards (D:2)
  3 kobolds
  5 rats
47 creatures vanquished.

Notes
Turn   | Place    | Note
-------+----------+-------------------------------------------
     0 | D:1      | jasper the Spriggan Berserker began the quest for the Orb.
     0 | D:1      | Reached XP level 1. HP: 11/11 MP: 2/2
   151 | D:1      | Reached XP level 2. HP: 16/16 MP: 3/3
   301 | D:1      | Found a faded altar of an unknown god.
   550 | D:1      | Reached ** piety under Trog
   551 | D:1      | Reached skill level 1 in Stealth
   592 | D:1      | Reached XP level 3. HP: 19/19 MP: 4/4
  1855 | D:3      | HP: 1/28 [orc/+0 flail (7)]
  1856 | D:3      | Slain by an orc

Illustrated notes

Levels and vault maps discovered:
D:1:      dpeg_arrival_morbid_curiosity, layout_loops_cross, serial_glass,
          glass_columns_c, glass_columns_c, ebering_ecumenical_altar_rust,
          minmay_misc_feat_diagonals
D:2:      minmay_angry_zag, layout_loops_ring, minmay_hedge_maze
D:3:      layout_basic, grunt_gozag_breadcrumbs, minmay_increasing_density

Skill      XL: |  1  2  3 |
---------------+----------+-----
Stealth        | 1 2 |  2.2
Unarmed Combat | 3 |  3.1
Fighting       | |  2.7
Dodging        | |  4.5

Action                     || total
---------------------------++-------
  Melee: Unarmed           ||   195
         Punch             ||     4
 Invoke: Berserk           ||     4
    Use: Scroll            ||     6
   Stab: Sleeping          ||     2
 Armour: Animal skin       ||    53
  Dodge: Dodged            ||   171

Table legend: (Time is in decaauts)
 A = Elapsed time spent in this place.
 B = Non-inter-level travel time spent in this place.
 C = Inter-level travel time spent in this place.
 D = Time resting spent in this place.
 E = Time spent auto-exploring this place.
 F = Levels seen in this place.
 G = Mean time per level.
                   A        B        C        D        E       F      G
               +--------+--------+--------+--------+--------+-----+--------+
         Total |   1342 |   1285 |     57 |    257 |    668 |   3 |  447.3 |
       Dungeon |   1342 |   1285 |     57 |    257 |    668 |   3 |  447.3 |
               +--------+--------+--------+--------+--------+-----+--------+

Top non-repeatable levels by time:
     D:2: 793 daAuts
     D:1: 542 daAuts
     D:3: 6 daAuts
